 Dungeon Crawl Stone Soup version 0.28.0-45-g0d030f2227 (webtiles) character file.

Game seed: 7691601095057965157

4239 Cubic the Cleaver (level 10, -9/94 HPs)
             Began as a Hill Orc Fighter on Apr 12, 2022.
             Mangled by a troll (13 damage)
             ... on level 11 of the Dungeon.
             The game lasted 00:38:17 (8576 turns).

Cubic the Cleaver (Hill Orc Fighter)                Turns: 8576, Time: 00:38:17

Health: -9/94      AC: 10    Str: 24    XL:     10   Next: 30%
Magic:  11/11      EV: 13    Int: 13    God:
Gold:   389        SH:  4    Dex: 12    Spells: 9/9 levels left

rFire   x . .      SeeInvis .   a - +0 war axe
rCold   + . .      Faith    .   c - +0 buckler
rNeg    . . .      Spirit   .   y - +1 scale mail of Coymoberr {Contam Int+5 Stlth+}
rPois   +          Reflect  .   d - +0 helmet
rElec   .          Harm     .   n - +0 cloak
rCorr   .          Rampage  .   (no gloves)
Will    .....                   (no boots)
Stlth   ++........              t - amulet of the acrobat
HPRegen 0.25/turn               k - ring of ice
MPRegen 0.12/turn               w - +4 ring of evasion

@: no status effects
A: thin skeletal structure 1, high MP 1, poison resistance
a: no special abilities


You were on level 11 of the Dungeon.
You visited 1 branch of the dungeon, and saw 10 of its levels.

You collected 389 gold pieces.

Inventory:

Hand Weapons
 a - a +0 war axe (weapon)
Missiles
 e - 156 stones (quivered)
 f - 155 arrows
 m - 97 bolts
 F - 2 throwing nets {=f}
 I - a boomerang
 K - 9 sling bullets
Armour
 b - a +0 scale mail
 c - a +0 buckler (worn)
 d - a +0 helmet (worn)
 n - a +0 cloak (worn)
 v - an orb of guile
   (You found it on level 5 of the Dungeon)
 y - the +1 scale mail of Coymoberr (worn) {Contam Int+5 Stlth+}
   (You found it on level 6 of the Dungeon)

   Int:       It affects your intelligence (+5).
   Contam:    It causes magical contamination when unequipped.
   Stlth:     It makes you more stealthy.
 J - a +0 plate armour
Jewellery
 i - a ring of magical power
   (You found it on level 1 of the Dungeon)
 j - a ring of positive energy
   (You found it on level 1 of the Dungeon)
 k - a ring of ice (left hand)
   (You found it on level 2 of the Dungeon)
 r - an amulet of reflection
   (You found it on level 8 of the Dungeon)
 t - an amulet of the acrobat (around neck)
   (You found it on level 4 of the Dungeon)
 w - a +4 ring of evasion (right hand)
   (You took it off an orc on level 4 of the Dungeon)
Wands
 x - a wand of flame (20)
 z - a wand of polymorph (4)
Scrolls
 g - 4 scrolls of teleportation
 h - 2 scrolls of enchant armour {unknown}
 q - 2 scrolls of fog
 s - 4 scrolls of amnesia
 A - 2 scrolls of vulnerability {!r}
 C - a scroll of enchant weapon {unknown}
 D - a scroll of magic mapping {unknown}
 G - a scroll of summoning {unknown}
Potions
 l - 3 potions of mutation {!q}
 o - a potion of attraction {!q}
 p - 2 potions of haste {unknown}
 u - 3 potions of curing {unknown}
 B - 3 potions of flight
 E - 2 potions of lignification {unknown}
 H - 3 potions of heal wounds {unknown}


   Skills:
 - Level 10.4 Fighting
 - Level 14.9 Axes
 + Level 5.4 Armour
 - Level 3.2 Shields


You had 9 spell levels left.
You didn't know any spells.
Your spell library contained the following spells:

 Spells                   Type           Power      Damage    Failure   Level
 Foxfire                  Conj/Fire      0%         2x1d4     67%         1
 Magic Dart               Conj           0%         1d3       67%         1
 Scorch                   Fire           0%         2d5       82%         2
 Searing Ray              Conj           0%         2d4       82%         2
 Conjure Flame            Conj/Fire      0%         6-21      96%         3
 Inner Flame              Hex/Fire       0%         N/A       96%         3
 Ozocubu's Armour         Ice            0%         N/A       96%         3
 Stone Arrow              Conj/Erth      0%         3d7       96%         3
 Animate Armour           Summ/Erth      0%         N/A       100%        4
 Flame Wave               Conj/Fire      0%         2d4       100%        4
 Fulminant Prism          Conj/Hex       0%         3d6       100%        4
 Metabolic Englaciation   Hex/Ice        0%         N/A       100%        5
 Simulacrum               Ice/Necr       0%         N/A       100%        6
 Summon Cactus Giant      Summ           0%         N/A       100%        6
 Lehudib's Crystal Spear  Conj/Erth      0%         10d2      100%        8


Dungeon Overview and Level Annotations

Branches:
Dungeon (12/15)            Temple (0/1) D:4
   Lair: D:8-11         Orc: D:9-12

Altars:
Okawaru
Uskayaw
Wu Jian

Shops:
D:5 (   D:6 [

Annotations:
D:7 2 transporters, diceflayer's ghost, novice MiFi


Innate Abilities, Weirdness & Mutations

You have a somewhat thin skeletal structure. (Dex +2, Stealth+)
You have an increased reservoir of magic. (+10% MP)
Your system is resistant to poisons. (rPois)


Message History

You destroy the necrophage!
Your Armour skill increases to level 5!
No target in view!
HP restored.
A killer bee zombie comes into view.
The killer bee zombie moves out of view.
A killer bee zombie is nearby!
A killer bee zombie is nearby!
You slash the killer bee zombie!
The killer bee zombie is heavily damaged.
The killer bee zombie misses you.
You slash the killer bee zombie!
You destroy the killer bee zombie!
Found a stone staircase leading down.
A centaur comes into view.
A centaur is nearby!
The centaur shouts!
The centaur wields a +0 shortbow.
The centaur shoots an arrow.
You block the arrow.
The centaur shoots an arrow.
The arrow completely misses you.
The centaur shoots an arrow.
The arrow completely misses you.
The centaur unwields a +0 shortbow.
You block the centaur's attack. The centaur completely misses you.
You slash the centaur!
The centaur is severely wounded.
The centaur hits you but does no damage.
The centaur kicks you but does no damage.
The centaur misses you.
The centaur kicks you but does no damage.
You hit the centaur.
The centaur is almost dead.
The centaur closely misses you. You block the centaur's attack.
You slash the centaur!
You kill the centaur!
f - 155 arrows (gained 9)
You see here a +0 shortbow.
You enter the shallow water.
Moving in this stuff is going to be slow.
Key pressed, stopping explore.
A sourceless malevolence fills the Dungeon...
You fall into a shaft and drop 3 floors!
The shaft crumbles and collapses.
You feel a wave of frost pass over you.
There is an entrance to an ice cave on this level.
Hurry and find it before the portal melts!
A troll and a boulder beetle come into view.
Found a potion of flight, 11 stones and a fluorescent wand.
Found two stone staircases leading down.
The troll shouts!
You see here a potion of flight.
There is a stone staircase leading down here.
You block the troll's attack. The troll closely misses you.
The troll completely misses you.
The boulder beetle bites you but does no damage.
You climb downwards.
There is a stone staircase leading up here.
The troll bites you but does no damage. The troll misses you.
The troll claws you but does no damage. The boulder beetle bites you!
The centaur warrior shouts!
The centaur shouts! x2
You climb upwards.
You feel a wave of frost pass over you.
There is an entrance to an ice cave on this level.
Hurry and find it before the portal melts!
There is a stone staircase leading down here.
You hit the troll but do no damage. You hit the boulder beetle.
The troll barely misses you. The troll claws you. You block the troll's attack.
You hit the boulder beetle.
The boulder beetle is lightly wounded.
You closely miss the troll. You block the boulder beetle's attack.
The troll barely misses you. The troll claws you! The troll claws you.
You hit the boulder beetle but do no damage.
The boulder beetle is lightly wounded.
You barely miss the troll.
The boulder beetle bites you but does no damage.
The troll bites you. The troll claws you! x2
You hit the boulder beetle but do no damage.
The boulder beetle is lightly wounded.
You slash the troll! The boulder beetle bites you!!
* * * LOW HITPOINT WARNING * * *
The troll bites you.
* * * LOW HITPOINT WARNING * * *
The troll claws you.
* * * LOW HITPOINT WARNING * * *
The troll claws you but does no damage.
You hit the boulder beetle.
The boulder beetle is lightly wounded.
You slash the troll! You block the boulder beetle's attack.
You hit the boulder beetle but do no damage.
The boulder beetle is lightly wounded.
You closely miss the troll. The troll misses you.
The troll claws you but does no damage. The troll misses you.
You barely miss the boulder beetle.
The boulder beetle is lightly wounded.
You hit the troll but do no damage. You block the boulder beetle's attack.
The troll bites you!
* * * LOW HITPOINT WARNING * * *
You block the troll's attack. The troll claws you.
* * * LOW HITPOINT WARNING * * *
You hit the boulder beetle.
The boulder beetle is lightly wounded.
You barely miss the troll.
The boulder beetle leaps!
The troll bites you!
You die...

#.........#
#..../....#
#.........#
###.........#
.(..........#
####.........#
..........Tâ—‹.#
#.....!.@.#
#...........#
###........##
###..B..##
###.>## ....
#..... #......


You could see a boulder beetle and a troll.

Vanquished Creatures
  Pikel (D:5)
  Joseph (D:7)
  A wyvern (D:7)
  3 water moccasins
  An orc warrior (D:7)
  An ice beast (D:5)
  A necrophage (D:8)
  A sky beast (D:5)
  3 lemures (D:5)
  4 ogres
  2 centaurs
  A phantom (D:4)
  2 bullfrogs (D:7)
  A kobold brigand (D:6)
  4 scorpions
  A water moccasin zombie (D:5)
  A water moccasin skeleton (D:5)
  12 killer bees
  2 bullfrog zombies
  2 centaur zombies
  3 jellies
  4 hounds
  A centaur skeleton (D:7)
  3 orc priests
  A bullfrog skeleton (D:5)
  4 iguanas
  3 orc wizards
  A killer bee zombie (D:8)
  A hound zombie (D:5)
  2 hound skeletons (D:5)
  4 gnolls (D:4)
  A howler monkey skeleton (D:6)
  11 adders
  2 white imps
  5 worms
  19 orcs
  10 endoplasms
  5 giant cockroaches
  8 goblins
  5 hobgoblins
  13 kobolds
  2 quokkas (D:4)
  5 ball pythons
  3 bats (D:3)
  5 frilled lizards
  10 rats
  A spectral goblin (D:2)
177 creatures vanquished.

Vanquished Creatures (others)
  7 plants (D:6)
7 creatures vanquished.

Grand Total: 184 creatures vanquished

Notes
Turn   | Place    | Note
-------+----------+-------------------------------------------
     0 | D:1      | Cubic the Hill Orc Fighter began the quest for the Orb.
     0 | D:1      | Reached XP level 1. HP: 19/19 MP: 1/1
     9 | D:1      | Reached skill level 3 in Axes
    94 | D:1      | Reached XP level 2. HP: 27/27 MP: 2/2
   151 | D:1      | Reached skill level 4 in Fighting
   363 | D:1      | Reached skill level 4 in Axes
   438 | D:1      | Reached XP level 3. HP: 33/33 MP: 3/3
   775 | D:2      | Found a faded altar of an unknown god.
  1138 | D:2      | Reached XP level 4. HP: 39/41 MP: 4/4
  1186 | D:2      | Reached skill level 5 in Axes
  1922 | D:3      | Reached XP level 5. HP: 22/47 MP: 5/5
  2223 | D:3      | Reached skill level 6 in Axes
  2255 | D:4      | Reached skill level 5 in Fighting
  2446 | D:4      | Reached XP level 6. HP: 43/56 MP: 6/6
  2710 | D:4      | Found an iron altar of Okawaru.
  2811 | D:4      | Reached skill level 7 in Axes
  3018 | D:4      | Found a staircase to the Ecumenical Temple.
  3296 | D:4      | Reached skill level 6 in Fighting
  3296 | D:4      | Reached skill level 8 in Axes
  3296 | D:4      | Reached XP level 7. HP: 59/63 MP: 7/7
  3513 | D:5      | Entered Level 5 of the Dungeon
  3570 | D:5      | Reached skill level 9 in Axes
  3883 | D:5      | Noticed Pikel
  4165 | D:6      | Reached skill level 7 in Fighting
  4210 | D:6      | Identified the +1 scale mail of Coymoberr {Contam Int+5
                  | Stlth+}
  4249 | D:6      | Reached XP level 8. HP: 50/73 MP: 8/8
  4252 | D:6      | Reached skill level 10 in Axes
  4274 | D:6      | HP: 6/73 [poisoned by a killer bee]
  4278 | D:6      | HP: 2/73 [poisoned by a killer bee]
  4732 | D:6      | Found Xotecloh's Antique Armour Emporium.
  4861 | D:6      | Gained mutation: Your system is resistant to poisons.
                  | (rPois) [potion of mutation]
  4861 | D:6      | Gained mutation: You have hidden genetic potential. [potion
                  | of mutation]
  4910 | D:6      | Found a hide-covered altar of Uskayaw.
  4942 | D:6      | Found an ornate altar of the Wu Jian Council.
  4953 | D:6      | Reached skill level 11 in Axes
  5141 | D:6      | Reached skill level 8 in Fighting
  5232 | D:7      | Noticed a wyvern
  5263 | D:7      | Noticed a wyvern
  5263 | D:7      | Noticed a cyclops
  5267 | D:7      | Noticed a six-headed hydra
  5280 | D:7      | Noticed diceflayer's ghost (novice MiFi)
  5375 | D:5      | HP: 6/74 [Pikel/+2 whip of electrocution (3)]
  5377 | D:5      | Killed Pikel
  5378 | D:5      | Reached skill level 12 in Axes
  5378 | D:5      | Reached XP level 9. HP: 7/82 MP: 9/9
  5748 | D:5      | Reached skill level 9 in Fighting
  5760 | D:5      | Gained mutation: You have an increased reservoir of magic.
                  | (+10% MP) [hidden potential]
  5790 | D:5      | Reached skill level 13 in Axes
  6213 | D:5      | Reached skill level 14 in Axes
  6428 | D:5      | Found Tuitokhli's Weapon Shop.
  6712 | D:7      | Reached skill level 10 in Fighting
  6822 | D:7      | Found a transporter.
  6833 | D:7      | Found a transporter.
  7074 | D:7      | Reached XP level 10. HP: 63/93 MP: 11/11
  7677 | D:7      | Noticed Joseph
  7681 | D:7      | Gained mutation: You have a somewhat thin skeletal
                  | structure. (Dex +2, Stealth+) [hidden potential]
  7681 | D:7      | Lost mutation: You have hidden genetic potential. [hidden
                  | potential expressed]
  7730 | D:7      | HP: 3/94 [Joseph/+0 quarterstaff (11)]
  8118 | D:7      | Killed Joseph
  8119 | D:7      | Reached skill level 4 in Armour
  8497 | D:8      | Reached skill level 5 in Armour
  8560 | D:8      | You fall into a shaft and drop 3 floors!
  8560 | D:11     | Noticed a boulder beetle
  8566 | D:12     | Noticed a centaur warrior
  8575 | D:11     | HP: 7/94 [troll (7)]
  8576 | D:11     | Mangled by a troll

Illustrated notes

Levels and vault maps discovered:
D:1:      dpeg_arrival_prison, layout_rooms
D:2:      layout_basic, dreamdust_ecumenical_altar_drowned_temple
D:3:      layout_basic
D:4:      layout_loops_ring, mainiacjoe_overflow_24_doors,
          minmay_temple_entry_stoned_glass, uniq_crazy_yiuf_cottage
D:5:      layout_loops_cross, serial_shops, shop, nzn_random_ring, uniq_pikel
D:6:      layout_cave_pools, mainiacjoe_overflow_two_lobes, serial_shops,
          nicolae_shop_temple_entry_statues_fountains, chequers_garden,
          lexackson_kobold_supper
D:7:      layout_cave_pods, nicolae_ossuary_entry_false_entrances,
          nzn_ghost_randoct, uniq_joseph
D:8:      layout_basic, serial_shops, kennysheep_mini, hangedman_decor_points,
          kennysheep_boxes
D:11:     layout_rooms, portal_ice_cave_entry_imps, uniq_fannar, uniq_maurice
D:12:     layout_irregular_city, uniq_snorg, uniq_kirke, uniq_urug

Skill      XL: |  1  2  3  4  5  6  7  8  9 10 |
---------------+-------------------------------+-----
Axes           | 3 4 5 6 8 9 12 14 | 14.9
Fighting       | 4 5 6 7 8 10 | 10.4
Armour         | 5 |  5.4
Shields        | |  3.2

Action                   |  1- 3 |  4- 6 |  7- 9 | 10-12 || total
-------------------------+-------+-------+-------+-------++-------
Melee: War axe           |    81 |   166 |   239 |    79 ||   565
Throw: Stone             |       |       |     1 |     8 ||     9
  Use: Potion            |       |       |     2 |       ||     2
       Scroll            |       |       |     8 |     2 ||    10
Armor: Scale mail        |    35 |    64 |    90 |    21 ||   210
Dodge: Dodged            |    33 |    76 |   153 |    46 ||   308
Block: Buckler           |    18 |    33 |    48 |    27 ||   126

Table legend: (Time is in decaauts)
 A = Elapsed time spent in this place.
 B = Non-inter-level travel time spent in this place.
 C = Inter-level travel time spent in this place.
 D = Time resting spent in this place.
 E = Time spent auto-exploring this place.
 F = Levels seen in this place.
 G = Mean time per level.
                   A        B        C        D        E       F      G
               +--------+--------+--------+--------+--------+-----+--------+
         Total |   8622 |   8337 |    285 |   2416 |   4366 |  10 |  862.2 |
       Dungeon |   8622 |   8337 |    285 |   2416 |   4366 |  10 |  862.2 |
               +--------+--------+--------+--------+--------+-----+--------+

Top non-repeatable levels by time:
     D:5: 1577 daAuts
     D:6: 1550 daAuts
     D:7: 1432 daAuts
     D:4: 1321 daAuts
     D:2: 836 daAuts
     D:1: 770 daAuts
     D:3: 689 daAuts
     D:8: 429 daAuts
    D:11: 12 daAuts
    D:12: 1 daAuts

Table legend:
 A = Kills in this place as a percentage of kills in entire the game.
 B = Kills by you in this place as a percentage of kills by you in the entire game.
 C = Kills by friends in this place as a percentage of kills by friends in the entire game.
 D = Other kills in this place as a percentage of other kills in the entire game.
 E = Experience gained in this place as a percentage of experience gained in the entire game.
 F = Experience gained in this place divided by the number of levels of this place that you have seen.
                   A       B       C       D       E      F
               +-------+-------+-------+-------+-------+----------------------
         Total | 100.0 | 100.0 |   N/A |   N/A | 100.0 | 605.6
       Dungeon | 100.0 | 100.0 |   N/A |   N/A | 100.0 | 605.6
               +-------+-------+-------+-------+-------+----------------------
